 Dungeon Crawl Stone Soup version 0.23-a0-586-gacb4b3f (webtiles) character file.

4116 hairmachine the Grappler (level 10, -7/124 HPs)
             Began as a Yellow Draconian Transmuter on Dec 18, 2018.
             Was a Priest of Makhleb.
             Mangled by a troll (15 damage)
             ... on level 7 of the Dungeon.
             The game lasted 01:01:20 (13238 turns).

hairmachine the Grappler (DrTm)                    Turns: 13238, Time: 01:01:21

Health: -7/124     AC:  2    Str: 15 (17) XL:     10   Next: 6%
Magic:  21/22      EV: 19    Int: 13 (14) God:    Makhleb [***...]
Gold:   393        SH:  0    Dex: 13 (18) Spells: 2/13 levels left

rFire    + . .     SeeInvis .     - Unarmed
rCold    . . .     Gourm    .   (shield currently unavailable)
rNeg     . . .     Faith    +   (armour unavailable)
rPois    x         Spirit   .   (helmet currently unavailable)
rElec    .         Reflect  .   (cloak currently unavailable)
rCorr    .         Harm     .   (gloves currently unavailable)
MR       .....                  (boots currently unavailable)
Stlth    ..........             k - amulet of faith
HPRegen  0.00/turn              q - ring of magical power
MPRegen  0.18/turn              m - ring of protection from fire

@: berserking, short of breath, spider-form, very quick
A: tiny, (spit acid), (acid resistance), unfitting armour, deterioration 2,
screaming 1, inhibited regeneration, weak 1, AC +7
a: End Transformation, Minor Destruction, Lesser Servant of Makhleb, Renounce
Religion


You were on level 7 of the Dungeon.
You worshipped Makhleb.
Makhleb was most pleased with you.
You were not hungry.
You were a venomous arachnid creature.
You visited 2 branches of the dungeon, and saw 9 of its levels.
You also visited: Ossuary.

You collected 393 gold pieces.

Inventory:

Hand Weapons
 j - a +0 hunting sling
Missiles
 a - 91 arrows
 h - 165 stones (quivered)
Armour
 g - a +1 pair of boots (melded)
Jewellery
 f - an uncursed ring of flight
 k - an amulet of faith (around neck)
 m - a ring of protection from fire (right front leg)
 q - a ring of magical power (left front leg)
 w - an uncursed ring of see invisible {unknown}
Scrolls
 b - a scroll of fear
 e - a scroll of random uselessness {unknown}
 i - 3 scrolls of blinking
 l - 3 scrolls of remove curse
 n - 4 scrolls of teleportation
 o - 3 scrolls of summoning {unknown}
 t - 3 scrolls of fog {unknown}
 v - a scroll of magic mapping {unknown}
 y - a scroll of immolation
Potions
 d - a potion of ambrosia
 p - a potion of curing
 r - a potion of brilliance
 s - a potion of haste
 u - 2 potions of heal wounds
Comestibles
 c - 9 rations


   Skills:
 + Level 5.7 Fighting
 - Level 1.7 Dodging
 + Level 10.2 Unarmed Combat
 - Level 2.0 Spellcasting
 + Level 9.4 Transmutations
 - Level 2.0 Poison Magic


You had 2 spell levels left.
You knew the following spells:

 Your Spells              Type           Power        Failure   Level  Hunger
a - Beastly Appendage     Tmut           ####..       3%          1    ##.....
b - Sticks to Snakes      Tmut           ####....     4%          2    ###....
c - Spider Form           Tmut/Pois      ###.......   21%         3    ####...
d - Blade Hands           Tmut           ####......   32%         5    ######.

Your spell library contained the following spells:

 Spells                   Type           Power        Failure   Level  Hunger
 Ice Form                 Ice/Tmut       ##......     58%         4    #####..


Dungeon Overview and Level Annotations

Branches:
Dungeon (8/15)             Temple (1/1) D:7
   Lair: D:8-11

Altars:
Ashenzari
Elyvilon
Fedhas
Gozag
Hepliaklqana
Kikubaaqudgha
Makhleb
Okawaru
Qazlal
Ru
Sif Muna
Trog
Uskayaw
Vehumet
Wu Jian
Xom
Yredelemnul
Zin
The Shining One

Shops:
D:5 %

Annotations:
D:2 exclusion: downstairs
D:3 Ijyb
D:5 2 transporters, Zanta616's ghost, novice FoFi


Innate Abilities, Weirdness & Mutations

((You can spit globs of acid.))
((You are resistant to acid.))
((Your golden yellow scales are hard. (AC +7)))
You cannot fit into any form of body armour.
((You are cold-blooded and may be slowed by cold attacks.))
((You have a pair of small antennae on your head.))
Your body often deteriorates upon taking damage.
You occasionally shout uncontrollably at your foes.
You do not regenerate when monsters are visible.
You are weak. (Str -2)


Message History

You bite the troll!
The troll is moderately wounded.
The troll completely misses you. The troll closely misses you.
The troll claws you.
* * * LOW HITPOINT WARNING * * *
You bite the troll!
The troll is poisoned.
The troll is heavily wounded.
The troll bites you.
* * * LOW HITPOINT WARNING * * *
The troll closely misses you. The troll claws you.
* * * LOW HITPOINT WARNING * * *
Okay, then.
A red film seems to cover your vision as you go berserk!
You feel yourself moving faster!
You feel mighty!
The troll looks more healthy.
The troll closely misses you. x2; The troll claws you!
* * * LOW HITPOINT WARNING * * *
You bite the troll!
The troll looks as sick as possible!
The troll is severely wounded.
The troll bites you!
You die...

##...## ##########.####
#.....# #....<#.....###
##...## #.....#.##.....
##.## #.....#[##..### #.#
#.....#.#...# #.#
#....[#)#.#.# #.#
###...).#.#.#
####.############......#
#......hTs..##.......###
#.##..#.###.##.......# ###
#.##..#.###.##.##.#..# #.. #
#.##.....##.##....#..# #.# #
#.###.#..............# #.# #
#)###.#.###[##.####.## #.# #
#...........##......# #.#
#####################......#
#.# ..).)....# #...##### #..


You could see a troll and a jackal.

Vanquished Creatures
  Grinder (D:3)
  Prince Ribbit (D:6)
  Sigmund (D:4)
  Menkaure (D:6)
  2 phantoms
  A black bear (D:6)
  A sky beast (D:4)
  3 ice beasts
  A necrophage (D:7)
  2 ogres (D:5)
  A wolf (D:7)
  Blork the orc (D:4)
  3 bullfrogs
  8 scorpions
  A water moccasin zombie (D:6)
  4 wights (D:7)
  2 howler monkeys
  A crimson imp (D:7)
  3 bullfrog zombies (D:6)
  3 human zombies (Ossuary)
  2 centaur zombies
  9 hounds
  A jelly (D:5)
  2 orc wizards (D:7)
  2 centaur skeletons
  A gnoll shaman (D:7)
  2 orc priests (D:7)
  2 bullfrog skeletons (D:6)
  3 iguanas
  A killer bee zombie (D:6)
  2 hound zombies
  2 hound skeletons
  3 mummies (Ossuary)
  A howler monkey zombie (D:6)
  2 worker ant zombies
  10 gnolls
  3 scorpion zombies (Ossuary)
  8 adders
  A howler monkey skeleton (D:6)
  9 river rats (D:6)
  An ooze (D:1)
  3 adder zombies (D:6)
  2 adder skeletons
  4 worms
  3 dart slugs
  6 leopard geckos
  11 orcs
  A bat zombie (D:4)
  5 giant cockroaches
  2 gnoll zombies (Ossuary)
  4 goblins
  9 hobgoblins
  3 jackals
  10 quokkas
  A ball python (D:1)
  8 bats
  7 frilled lizards
  2 giant cockroach zombies (D:6)
  2 goblin zombies (Ossuary)
  2 hobgoblin zombies (Ossuary)
  A jackal zombie (D:7)
  11 kobolds
  A leopard gecko skeleton (D:6)
  2 orc zombies (Ossuary)
  26 rats
  3 rat zombies (D:4)
237 creatures vanquished.

Notes
Turn   | Place    | Note
-------+----------+-------------------------------------------
     0 | D:1      | hairmachine the Draconian Transmuter began the quest for
                  | the Orb.
     0 | D:1      | Reached XP level 1. HP: 16/16 MP: 3/3
   284 | D:1      | Reached XP level 2. HP: 23/23 MP: 3/5
   857 | D:1      | Learned a level 2 spell: Sticks to Snakes
  1071 | D:1      | Reached XP level 3. HP: 28/28 MP: 4/6
  1532 | D:2      | Reached skill level 4 in Unarmed Combat
  1563 | D:2      | Found a glowing golden altar of the Shining One.
  1674 | D:2      | Found a shattered altar of Ashenzari.
  2019 | D:2      | Reached XP level 4. HP: 34/35 MP: 5/7
  3287 | D:3      | Learned a level 3 spell: Spider Form
  3313 | D:3      | Reached skill level 5 in Unarmed Combat
  3313 | D:3      | Reached XP level 5. HP: 40/40 MP: 6/8
  3359 | D:3      | Noticed Ijyb
  3936 | D:3      | Noticed Grinder
  3957 | D:3      | Paralysed by Grinder for 3 turns
  3964 | D:3      | Paralysed by Grinder for 4 turns
  3974 | D:3      | Killed Grinder
  3974 | D:3      | Reached skill level 6 in Unarmed Combat
  3974 | D:3      | Reached XP level 6. HP: 9/47 MP: 9/9
  4669 | D:4      | Noticed a sky beast
  4888 | D:4      | Reached skill level 1 in Poison Magic
  5134 | D:4      | Your scales start taking on a golden yellow colour.
  5134 | D:4      | Reached XP level 7. HP: 43/52 MP: 8/10
  5269 | D:4      | Reached skill level 7 in Unarmed Combat
  5407 | D:4      | Noticed Sigmund
  5439 | D:4      | Killed Sigmund
  5624 | D:4      | Reached skill level 8 in Unarmed Combat
  5978 | D:4      | Noticed Blork the orc
  6010 | D:4      | Killed Blork the orc
  6010 | D:4      | Reached skill level 5 in Transmutations
  6010 | D:4      | Reached XP level 8. HP: 32/59 MP: 4/11
  6437 | D:4      | Found an ancient bone altar of Kikubaaqudgha.
  6591 | D:5      | Entered Level 5 of the Dungeon
  6855 | D:5      | Found Ishrott's Food Boutique.
  6856 | D:5      | You fall through a shaft for 2 floors!
  7448 | D:7      | Learned a level 5 spell: Blade Hands
  7650 | D:6      | Reached skill level 9 in Unarmed Combat
  8050 | D:7      | Reached skill level 5 in Fighting
  8376 | D:7      | Found a staircase to the Ecumenical Temple.
  8385 | Temple   | Entered the Ecumenical Temple
  8514 | Temple   | Became a worshipper of Makhleb the Destroyer
  8690 | D:6      | Reached XP level 9. HP: 50/73 MP: 12/12
  8870 | D:6      | Reached skill level 10 in Unarmed Combat
  9094 | D:5      | Noticed a +0 dagger
  9094 | D:5      | Noticed a +0 dagger
  9096 | D:5      | Found a hide-covered altar of Uskayaw.
  9208 | D:5      | Found a transporter.
  9212 | D:5      | Found a transporter.
  9212 | D:5      | Noticed Zanta616's ghost (novice FoFi)
 10005 | D:6      | Reached * piety under Makhleb
 10101 | D:6      | Noticed Prince Ribbit
 10131 | D:6      | Killed Prince Ribbit
 10400 | D:6      | Reached ** piety under Makhleb
 10410 | D:6      | Noticed Menkaure
 10430 | D:6      | Killed Menkaure
 10446 | D:6      | HP: 2/73 [magical explosion (13)]
 10446 | D:6      | Gained mutation: You tend to lose your temper in combat.
                  | [mutagenic glow]
 10451 | D:6      | Lost mutation: You tend to lose your temper in combat.
                  | [potion of mutation]
 10451 | D:6      | Gained mutation: Your body sometimes deteriorates upon
                  | taking damage. [potion of mutation]
 10451 | D:6      | Gained mutation: You have a pair of small antennae on your
                  | head. [potion of mutation]
 10479 | D:6      | Gained mutation: Your body often deteriorates upon taking
                  | damage. [mutagenic glow]
 10532 | D:6      | Gained mutation: You do not regenerate when monsters are
                  | visible. [mutagenic glow]
 10556 | D:6      | Gained mutation: You occasionally shout uncontrollably at
                  | your foes. [mutagenic glow]
 10583 | D:6      | Gained mutation: You are weak. (Str -2) [mutagenic glow]
 11329 | D:8      | Found a sand-covered staircase.
 11355 | Ossuary  | Entered an ossuary
 11771 | Ossuary  | Reached *** piety under Makhleb
 12730 | D:7      | Reached XP level 10. HP: 31/81 MP: 13/13
 13238 | D:7      | Mangled by a troll

Vault maps used:
D:1:      dpeg_arrival_shrine
D:2:      minmay_inner_zag, tso_metal_star, ashenzari_conservatory_becter,
          first_ration
D:3:      kennysheep_cross_room, uniq_grinder, uniq_ijyb,
          uniq_crazy_yiuf_cottage
D:4:      lemuel_zombie_altar_kikubaaqudgha, uniq_sigmund, uniq_blork_the_orc
D:5:      dancing_weapons_uskayaw, serial_shops,
          nicolae_shop_temple_entry_statues_fountains, gammafunk_ghost_hive
D:6:      lemuel_ratsnest, serial_undead, serial_undead_d, serial_undead_e,
          serial_undead_a, serial_undead_b, serial_undead_c, serial_undead_a,
          serial_undead_d, serial_undead_e, hex_large, uniq_menkaure,
          uniq_prince_ribbit1
D:7:      minmay_temple_entry_junction
D:8:      nemelex_xobeh_ov_fountains_minmay, grunt_dithmenos_shadows,
          erik_lair_island, serial_glass, glass_columns_c, glass_columns_a,
          glass_columns_b, glass_columns_b, item_on_display_a,
          item_on_display_b, item_on_display_a, nicolae_ossuary_entry_ruins
Temple:   regret_index_temple_waves
Ossuary:  ossuary_minmay_scorpions

Skill      XL: |  1  2  3  4  5  6  7  8  9 |
---------------+----------------------------+-----
Unarmed Combat | 4 5 6 8 9 10 | 10.2
Transmutations | 3 4 5 9 |  9.4
Poison Magic   | 1 2 |  2.0
Fighting       | 5 |  5.7
Dodging        | |  1.7
Spellcasting   | |  2.0

Action                   |  1- 3 |  4- 6 |  7- 9 | 10-12 || total
-------------------------+-------+-------+-------+-------++-------
Melee: Unarmed           |   105 |   168 |   572 |    23 ||   868
       Headbutt          |    12 |    26 |    21 |       ||    59
       Tailslap          |     6 |    20 |    59 |     1 ||    86
       Kick              |     1 |       |       |       ||     1
       Punch             |     1 |     2 |    15 |     1 ||    19
 Fire: Hunting sling     |       |     4 |    13 |       ||    17
Throw: Stone             |    10 |     2 |       |       ||    12
 Cast: Beastly Appendage |    24 |    27 |    16 |       ||    67
       Sticks to Snakes  |       |     2 |     2 |       ||     4
       Spider Form       |       |       |    17 |     3 ||    20
 Abil: Breathe Acid      |       |       |     9 |     1 ||    10
  Use: Scroll            |     3 |     3 |     6 |       ||    12
       Potion            |       |     6 |     7 |     1 ||    14
 Stab: Sleeping          |       |       |     2 |       ||     2
  Eat: Chunk             |     4 |    11 |    16 |     2 ||    33
       Ration            |       |       |     4 |       ||     4
Armor: Skin              |    30 |    57 |   136 |     8 ||   231
Dodge: Dodged            |    53 |    85 |   285 |    33 ||   456

Table legend:
 A = Non-vault XP
 B = Vault XP
 C = Vault XP percentage of total XP
 D = Non-vault monster count
 E = Vault monster count
 F = Vault count percentage of total count
                 A         B        C        D         E       F
            +---------+---------+-------+---------+---------+-------
      Total |    3244 |    2636 |  44.8 |     141 |      96 |  40.5
            +---------+---------+-------+---------+---------+-------
        D:1 |      43 |       0 |   0.0 |      23 |       0 |   0.0
        D:2 |     165 |       6 |   3.5 |      29 |       3 |   9.4
        D:3 |     101 |     281 |  73.6 |      22 |       1 |   4.3
        D:4 |     536 |     329 |  38.0 |      14 |       6 |  30.0
        D:5 |     573 |       0 |   0.0 |      11 |       0 |   0.0
        D:6 |     476 |    1080 |  69.4 |       7 |      58 |  89.2
        D:7 |    1201 |     236 |  16.4 |      33 |       4 |  10.8
        D:8 |     149 |       0 |   0.0 |       2 |       0 |   0.0
    Ossuary |       0 |     704 | 100.0 |       0 |      24 | 100.0
            +---------+---------+-------+---------+---------+-------
